 Dungeon Crawl Stone Soup version 0.26.0-18-gc5c842f807 (webtiles) character file.

Game seed: 2058706523681366138

5193 thiole the Covert (level 10, -2/65 HPs)
             Began as an Octopode Hedge Wizard on Jan 23, 2021.
             Was an Initiate of Gozag.
             Slain by a warg (15 damage)
             ... on level 10 of the Dungeon.
             The game lasted 00:29:05 (13257 turns).

thiole the Covert (Octopode Hedge Wizard)          Turns: 13257, Time: 00:29:05

Health: -2/65      AC:  1    Str: 10    XL:     10   Next: 60%
Magic:  11/21      EV: 17    Int: 20    God:    Gozag
Gold:   231        SH:  4    Dex: 11    Spells: 16/24 levels left

rFire    . . .     SeeInvis .   m - +1 dagger (protect)
rCold    . . .     Faith    .   n - +0 buckler
rNeg     . . .     Spirit   .   b - +0 hat
rPois    .         Reflect  .   (no amulet)
rElec    .         Harm     .   i - +4 ring of evasion
rCorr    .         Rampage  .   (no ring)
Will     .....                  (no ring)
Stlth    +++++.....             (no ring)
HPRegen  0.20/turn              (no ring)
MPRegen  0.17/turn              (no ring)
                                (no ring)
                                (no ring)

@: gold aura, slowed, very slow
A: almost no armour, stealthy swim, amphibious, 8 rings, constrict 8, camouflage
1, gelatinous body 1
a: Renounce Religion, Potion Petition, Call Merchant, Bribe Branch


You were on level 10 of the Dungeon.
You worshipped Gozag.
Gozag was aware of your devotion.
You visited 2 branches of the dungeon, and saw 11 of its levels.

You collected 1355 gold pieces.
You paid 1124 gold pieces to Gozag.

Inventory:

Hand Weapons
 m - a +1 dagger of protection (weapon)
Armour
 b - a +0 hat (worn)
 n - a +0 buckler (worn)
Jewellery
 i - a +4 ring of evasion (left tentacle)
Wands
 p - a wand of flame (1)
Scrolls
 d - 5 scrolls of fear {unknown}
 f - 2 scrolls of blinking {unknown}
 h - 2 scrolls of magic mapping {unknown}
 j - 2 scrolls of random uselessness {unknown}
 r - 6 scrolls of remove curse
 s - a scroll of noise {unknown}
 u - 6 scrolls of enchant weapon {unknown}
 v - a scroll of teleportation {unknown}
 w - 2 scrolls of fog {unknown}
 x - 2 scrolls of amnesia {unknown}
 y - a scroll of immolation {unknown}
 B - a scroll of identify
 C - a scroll of torment {unknown}
Potions
 c - a potion of invisibility
 g - a potion of ambrosia
 k - a potion of resistance
 l - a potion of magic
 o - a potion of curing
 q - 2 potions of berserk rage {unknown}
 t - 2 potions of flight
 z - a potion of might
 A - a potion of degeneration {unknown}
 D - a potion of lignification {unknown}


   Skills:
 * Level 4.8 Fighting
 - Level 2.0 Dodging
 - Level 10.3 Stealth
 - Level 4.0 Shields
 + Level 7.9 Spellcasting
 * Level 6.4 Conjurations
 - Level 3.0 Hexes
 - Level 2.0 Summonings
 - Level 1.0 Translocations
 - Level 5.0 Air Magic


You had 16 spell levels left.
You knew the following spells:

 Your Spells              Type           Power        Failure   Level
a - Magic Dart            Conj           100%         1%          1
b - Call Imp              Summ           15%          6%          2
c - Slow                  Hex            19%          3%          2
d - Mephitic Cloud        Conj/Pois/Air  23%          5%          3

Your spell library contained the following spells:

 Spells                   Type           Power        Failure   Level
 Corona                   Hex            21%          2%          1
 Conjure Flame            Conj/Fire      20%          7%          3
 Blink                    Tloc           N/A          9%          2
 Portal Projectile        Hex/Tloc       30%          12%         3
 Inner Flame              Hex/Fire       13%          14%         3
 Cause Fear               Hex            9%           26%         4
 Leda's Liquefaction      Hex/Erth       6%           43%         4


Dungeon Overview and Level Annotations

Branches:
Dungeon (10/15)            Temple (1/1) D:4
   Lair: D:8-11         Orc: D:9-12

Altars:
Ashenzari
Cheibriados
Dithmenos
Elyvilon
Fedhas
Gozag
Hepliaklqana
Kikubaaqudgha
Makhleb
Nemelex Xobeh
Okawaru
Qazlal
Ru
Sif Muna
Trog
Uskayaw
Vehumet
Wu Jian
Xom
Yredelemnul
Zin
The Shining One

Shops:
D:5 (   D:6 [

Annotations:
D:7 2 transporters, exclusion: oklob plant, Zeldest's ghost, novice DsWn


Innate Abilities, Weirdness & Mutations

You cannot wear most types of armour.
You are very stealthy in the water. (Stealth+)
You are amphibious.
You can wear up to eight rings at the same time.
You can use your tentacles to constrict eight enemies at once.
Your skin changes colour to match your surroundings (Stealth+).
Your rubbery body absorbs attacks. (AC +1, EV +1)


Message History

The warg is heavily wounded.
The warg closely misses you.
Your white imp hits the big kobold.
Your white imp freezes the big kobold.
Your white imp hits the warg.
Your white imp freezes the warg.
The big kobold hits your white imp with a +0 short sword.
The orc priest misses you. The warg closely misses your white imp.
The kobold closely misses you.
An orc wizard comes into view. It is wielding a +0 dagger.
The kobold hits your white imp with a +0 whip.
Your white imp gestures at the big kobold.
The puff of frost hits the big kobold!
You barely miss the warg.
The warg is severely wounded.
The warg barely misses you.
Your white imp misses the warg.
The big kobold hits your white imp with a +0 short sword.
Your white imp dies!
The orc priest closely misses you. The kobold barely misses you.
The warg bites you!
You die...
Your body crumbles into a pile of gold.

#..######
##.##....##
#..##......
##.###...... ##
#.)# #......
##.## ##.##
#......
.####...####..#
#......
.o.K.ooK..##.##
#......
#.(.Kh@..#..#
#......
#....K5....##
#......
#..........#
#......
#..........##
#......
#..........#
#......
#..........#
##.....
##........##
#.....
##.......#
#....# ####..#
######


You could see a warg, a big kobold (unaware), an orc priest, an orc wizard, an
orc, 3 kobolds and a friendly white imp (summoned).

Vanquished Creatures
  5 yaks (D:10)
  Menkaure (D:6)
  A soldier ant (D:8)
  Edmund (D:6)
  A sky beast (D:5)
  An ice beast (D:7)
  A necrophage (D:8)
  2 phantoms
  4 centaurs
  2 ogres
  2 big kobolds
  A bullfrog (D:9)
  4 scorpions
  3 killer bees (D:8)
  A howler monkey (D:8)
  A centaur zombie (D:7)
  8 hounds
  A quasit (D:8)
  2 bullfrog skeletons
  A jelly (D:7)
  3 orc priests
  A centaur skeleton (D:4)
  Terence (D:2)
  Jessica (D:2)
  2 iguanas
  4 orc wizards
  4 worker ants
  3 worker ant zombies
  13 adders
  10 gnolls
  A howler monkey skeleton (D:4)
  2 white imps (D:5)
  2 ufetubi (D:6)
  An ooze (D:7)
  2 worms
  2 dart slugs
  6 leopard geckos
  8 orcs
  8 giant cockroaches
  7 hobgoblins
  11 jackals (D:4)
  13 kobolds
  6 quokkas
  3 ball pythons (D:4)
  7 bats
  4 frilled lizards
  12 goblins
  7 rats
187 creatures vanquished.

Vanquished Creatures (collateral kills)
  Nergalle (D:10)
  A cyclops (D:9)
  A centaur skeleton (D:10)
  A wraith (D:10)
  A black bear (D:8)
  2 ogres
  2 eyes of draining
  A bullfrog (D:7)
  A scorpion (D:4)
  An iguana (D:7)
  A worker ant (D:7)
  2 gnolls (D:9)
  A quokka (D:10)
  7 kobolds (D:7)
23 creatures vanquished.

Vanquished Creatures (others)
  A bullfrog (D:9)
  3 plants
4 creatures vanquished.

Grand Total: 214 creatures vanquished

Notes
Turn   | Place    | Note
-------+----------+-------------------------------------------
     0 | D:1      | thiole the Octopode Hedge Wizard began the quest for the
                  | Orb.
     0 | D:1      | Reached XP level 1. HP: 11/11 MP: 4/4
   418 | D:1      | Reached XP level 2. HP: 17/17 MP: 4/6
   466 | D:1      | Reached skill level 3 in Stealth
  1037 | D:1      | Reached XP level 3. HP: 17/21 MP: 4/7
  1483 | D:1      | Learned a level 2 spell: Call Imp
  1486 | D:1      | Learned a level 2 spell: Slow
  1490 | D:1      | Learned a level 3 spell: Mephitic Cloud
  1748 | D:2      | Noticed Terence
  1801 | D:2      | Killed Terence
  1802 | D:2      | Reached XP level 4. HP: 5/25 MP: 1/8
  2062 | D:2      | Reached skill level 1 in Air Magic
  2191 | D:2      | Found a basalt altar of Yredelemnul.
  2192 | D:2      | Found a stormy altar of Qazlal.
  2194 | D:2      | Found a blossoming altar of Fedhas.
  2347 | D:2      | Noticed Jessica
  2351 | D:2      | Killed Jessica
  2644 | D:2      | Reached XP level 5. HP: 31/31 MP: 7/10
  2690 | D:2      | Reached skill level 4 in Stealth
  4105 | D:4      | Reached skill level 1 in Shields
  4122 | D:4      | Reached XP level 6. HP: 18/36 MP: 2/11
  4960 | D:4      | Found a staircase to the Ecumenical Temple.
  4969 | Temple   | Entered the Ecumenical Temple
  5014 | Temple   | Became a worshipper of Gozag Ym Sagoz the Greedy
  5364 | D:4      | Reached XP level 7. HP: 38/41 MP: 1/12
  5748 | D:5      | Entered Level 5 of the Dungeon
  5786 | D:5      | Reached skill level 5 in Stealth
  6128 | D:5      | Found a burning altar of Makhleb.
  6153 | D:5      | Noticed a green death
  6596 | D:5      | Found Hearphide's Antique Weapon Emporium.
  7028 | D:5      | Found a glowing silver altar of Zin.
  7029 | D:5      | Noticed an angel
  7372 | D:6      | Reached XP level 8. HP: 17/46 MP: 14/14
  7625 | D:6      | Reached skill level 6 in Stealth
  7850 | D:6      | Found Dejoshriu's Armour Shop.
  8011 | D:6      | Noticed Edmund
  8028 | D:6      | Killed Edmund
  8029 | D:6      | Reached skill level 5 in Air Magic
  8121 | D:6      | Noticed Menkaure
  8130 | D:6      | Killed Menkaure
  8131 | D:6      | Reached skill level 5 in Spellcasting
  8152 | D:6      | Found a radiant altar of Vehumet.
  8153 | D:6      | Found a sparkling altar of Nemelex Xobeh.
  8210 | D:6      | Found a snail-covered altar of Cheibriados.
  8559 | D:7      | Noticed an oklob plant
  8583 | D:7      | Reached skill level 7 in Stealth
  8918 | D:7      | Reached skill level 1 in Hexes
  9205 | D:7      | Found a transporter.
  9237 | D:7      | Reached XP level 9. HP: 51/51 MP: 1/17
  9315 | D:7      | Noticed a two-headed ogre
  9318 | D:7      | Noticed Zeldest's ghost (novice DsWn)
  9428 | D:7      | Found a shimmering altar of Xom.
  9428 | D:7      | Found a shadowy altar of Dithmenos.
  9428 | D:7      | Found a broken altar of Ashenzari.
  9509 | D:7      | Reached skill level 8 in Stealth
  9555 | D:7      | Found a transporter.
  9850 | D:9      | HP: 2/51 [poisoned by a worker ant]
 10367 | D:8      | Reached skill level 9 in Stealth
 10718 | D:8      | Found a sparkling altar of Nemelex Xobeh.
 11078 | D:8      | Reached skill level 10 in Stealth
 11472 | D:9      | Noticed a cyclops
 11491 | D:9      | Killed a cyclops
 11492 | D:9      | Reached XP level 10. HP: 17/60 MP: 17/21
 12372 | D:9      | Noticed a two-headed ogre
 12401 | D:10     | Entered Level 10 of the Dungeon
 12424 | D:10     | Reached skill level 5 in Conjurations
 12467 | D:10     | Noticed Nergalle
 12648 | D:10     | Killed Nergalle
 13257 | D:10     | Slain by a warg

Illustrated notes

Levels and vault maps discovered:
D:1:      ncdulo_lavacross, layout_basic, serial_glass, glass_columns_b,
          glass_columns_b, glass_columns_c, glass_columns_a,
          minmay_split_cup_small
D:2:      layout_basic, minitemple, uniq_terence, uniq_jessica
D:3:      cheibrodos_old_hovel, layout_basic, st_stairs_12
D:4:      layout_rooms, temple_hall, saegor_snake_ambush
D:5:      layout_basic, grunt_temple_overflow_order_and_chaos_2, serial_shops,
          shop_fountains, hex_large
D:6:      layout_basic, grunt_temple_overflow_open, serial_shops,
          kennysheep_mini_moat, uniq_edmund, uniq_menkaure
D:7:      layout_rooms, gammafunk_temple_overflow_claw, nzn_ghost_randoct
D:8:      layout_basic, nemelex_xobeh_ov_fountains_minmay
D:9:      layout_basic, uniq_grum
D:10:     layout_cave_pods, erik_lair_orcish_takeover,
          gammafunk_ghost_mausoleum, uniq_nergalle
Temple:   minmay_temple_curvy_loop

Skill      XL: |  1  2  3  4  5  6  7  8  9 10 |
---------------+-------------------------------+-----
Stealth        | 3 4 5 7 10 | 10.3
Conjurations   | 2 3 4 6 |  6.4
Summonings     | 2 |  2.0
Air Magic      | 1 2 3 4 5 |  5.0
Shields        | 1 2 4 |  4.0
Spellcasting   | 4 5 7 |  7.9
Hexes          | 2 3 |  3.0
Fighting       | 2 4 |  4.8
Dodging        | |  2.0
Translocations | |  1.0

Action                   |  1- 3 |  4- 6 |  7- 9 | 10-12 || total
-------------------------+-------+-------+-------+-------++-------
Melee: Dagger            |    58 |    91 |   351 |   116 ||   616
       Constrict         |    15 |    25 |    43 |    10 ||    93
       Tentacles         |     8 |    26 |    53 |    23 ||   110
 Cast: Magic Dart        |    59 |   124 |   140 |    32 ||   355
       Call Imp          |     3 |     8 |    40 |    31 ||    82
       Slow              |       |       |     2 |       ||     2
       Mephitic Cloud    |       |       |     1 |     1 ||     2
Invok: Potion Petition   |       |       |     1 |     2 ||     3
Evoke: Wand              |       |       |    15 |     2 ||    17
  Use: Potion            |     1 |       |    13 |     3 ||    17
       Scroll            |       |     4 |     4 |       ||     8
 Stab: Distracted        |       |     1 |     5 |     2 ||     8
       Sleeping          |       |       |     8 |       ||     8
       Invisible         |       |       |       |     1 ||     1
Armor: Skin              |     2 |     3 |    44 |    17 ||    66
Dodge: Dodged            |    23 |    43 |   256 |    85 ||   407
Block: Buckler           |       |    13 |    52 |    17 ||    82
